 Dungeon Crawl Stone Soup version 0.28-a0-1143-gcf6077d4cc (webtiles) character file.

Game seed: 12222199346453533312

1138 hazymike the Skirmisher (level 8, -9/77 (87) HPs)
             Began as an Ogre Fighter on Dec 13, 2021.
             Mangled by a wight (22 damage)
             ... on level 6 of the Dungeon on Dec 14, 2021.
             The game lasted 00:40:28 (9922 turns).

hazymike the Skirmisher (Ogre Fighter)              Turns: 9922, Time: 00:40:29

HP:   -9/77 (87)    AC:  3    Str: 21    XL:     8   Next: 37%
MP:   8/8           EV:  9    Int: 11    God:
Gold: 295           SH:  8    Dex: 14    Spells: 1/7 levels left

rFire   . . .      SeeInvis .   a - +0 flail
rCold   . . .      Faith    .   c - +0 kite shield
rNeg    . . .      Spirit   .   b - +0 robe
rPois   .          Reflect  .   (helmet restricted)
rElec   .          Harm     .   (no cloak)
rCorr   .          Rampage  .   (gloves unavailable)
Will    .....                   (boots unavailable)
Stlth   +.........              (no amulet)
HPRegen 0.22/turn               n - ring of wizardry
MPRegen 0.11/turn               z - +6 ring of dexterity

@: heavily drained
A: large, unfitting armour, tough skin 1
a: no special abilities


You were on level 6 of the Dungeon.
You visited 1 branch of the dungeon, and saw 6 of its levels.

You collected 295 gold pieces.

Inventory:

Hand Weapons
 a - a +0 flail (weapon)
Missiles
 f - 194 stones
 r - 38 poisoned darts (quivered)
Armour
 b - a +0 robe (worn)
 c - a +0 kite shield (worn)
Magical Staves
 k - a staff of fire
 w - a staff of death
Jewellery
 n - a ring of wizardry (left hand)
 z - a +6 ring of dexterity (right hand)
Wands
 A - a wand of iceblast (6)
 C - a wand of paralysis (8)
Scrolls
 i - a scroll of brand weapon {unknown}
 j - 2 scrolls of amnesia
 l - a scroll of blinking {unknown}
 p - 2 scrolls of fog
 u - a scroll of vulnerability {unknown}
 x - a scroll of immolation {unknown}
 y - a scroll of enchant armour {unknown}
Potions
 d - a potion of might
 e - a potion of mutation {unknown}
 g - 4 potions of brilliance
 h - 2 potions of magic
 m - a potion of heal wounds {unknown}
 o - a potion of invisibility
 q - 2 potions of attraction
 s - 2 potions of lignification
 t - 2 potions of flight
 v - a potion of resistance
 B - a potion of curing
 D - a potion of degeneration {unknown}


   Skills:
 + Level 7.4 Fighting
 * Level 6.4 Maces & Flails
 + Level 5.1 Dodging
 - Level 2.6 Shields


You had one spell level left.
You knew the following spells:

 Your Spells              Type           Power      Damage    Failure   Level
a - Apportation           Tloc           0%         N/A       45%         1
b - Summon Small Mammal   Summ           0%         N/A       45%         1
c - Sticky Flame          Conj/Fire      0%         2d3       99%         4

Your spell library contained the following spells:

 Spells                   Type           Power      Damage    Failure   Level
 Animate Skeleton         Necr           0%         N/A       45%         1
 Conjure Flame            Conj/Fire      0%         6-21      82%         3
 Gell's Gravitas          Tloc           0%         N/A       82%         3
 Ignite Poison            Fire/Tmut/Pois 0%         N/A       82%         3
 Teleport Other           Tloc           0%         N/A       82%         3
 Dispersal                Tloc           0%         N/A       100%        6


Dungeon Overview and Level Annotations

Branches:
Dungeon (6/15)
 Temple: D:4-7

Altars:
Ashenzari
Ru

Shops:
D:6 [

Annotations:
D:4 Eustachio
D:6 exclusions: black bear and ice beast


Innate Abilities, Weirdness & Mutations

You are too large for most types of armour.
You have tough skin. (AC +1)


Message History

The wight hits you with a +2 great sword!
You feel drained.
You closely miss the wight. The wight closely misses you.
The wight hits you with a +2 great sword!
You feel drained.
You hit the wight but do no damage. The wight barely misses you.
You hit the wight but do no damage. You block the wight's attack.
You hit the wight but do no damage. You block the wight's attack.
You hit the wight but do no damage.
The wight hits you with a +2 great sword!
You feel drained.
The wight hits you with a +2 great sword!
You thump the wight!
The wight is moderately damaged.
The wight hits you with a +2 great sword!
You sock the wight!
The wight is almost destroyed.
You block the wight's attack.
You hit the wight but do no damage.
The wight is almost destroyed.
The wight closely misses you. The wight barely misses you.
You barely miss the wight.
The wight is almost destroyed.
The wight hits you with a +2 great sword!
* * * LOW HITPOINT WARNING * * *
You feel drained.
* * * LOW HITPOINT WARNING * * *
You hit the wight.
The wight is almost destroyed.
The wight hits you with a +2 great sword.
* * * LOW HITPOINT WARNING * * *
You feel drained.
* * * LOW HITPOINT WARNING * * *
You hit the wight but do no damage.
The wight is almost destroyed.
The wight barely misses you.
You closely miss the wight.
The wight is almost destroyed.
The wight hits you with a +2 great sword!!
You die...

.....8.∩.8.# ##.## ##.#
#######<#.## #.## ##.
#8#.# ##.## ##.# #.#)#
##.###..# #...# ###.#.#.#
###...### #(.......
#.......###.#...#.#
####.###...........##.##.#
........z@[....######.##.#
####.####.......<.........
#.....#.#####.####
#.#.###.# #.# #.#.# #..
.#. #.....# #### ###
#...... ... #......# ...
#......# ...


You could see a wight.

Vanquished Creatures
  A sky beast (D:5)
  A centaur (D:6)
  4 scorpions
  A water moccasin skeleton (D:5)
  2 wights (D:6)
  A centaur zombie (D:5)
  3 hounds
  2 orc priests
  A jelly (D:4)
  Ijyb (D:3)
  2 iguanas (D:5)
  An orc wizard (D:5)
  Terence (D:3)
  A killer bee zombie (D:6)
  A howler monkey skeleton (D:6)
  10 adders
  An ufetubus (D:6)
  4 worms
  2 dart slugs
  11 orcs
  5 bats
  10 endoplasms
  2 giant cockroaches
  16 goblins
  5 hobgoblins
  8 jackals
  8 kobolds
  A quokka (D:5)
  4 ball pythons
  15 frilled lizards
  7 rats
132 creatures vanquished.

Vanquished Creatures (others)
  5 plants (D:3)
5 creatures vanquished.

Grand Total: 137 creatures vanquished

Notes
Turn   | Place    | Note
-------+----------+-------------------------------------------
     0 | D:1      | hazymike the Ogre Fighter began the quest for the Orb.
     0 | D:1      | Reached XP level 1. HP: 24/24 MP: 1/1
   305 | D:1      | Reached XP level 2. HP: 32/32 MP: 2/2
  1002 | D:2      | Reached XP level 3. HP: 29/40 MP: 3/3
  2264 | D:2      | Found a faded altar of an unknown god.
  2469 | D:3      | Reached XP level 4. HP: 18/49 MP: 4/4
  3157 | D:3      | Noticed Terence
  3173 | D:3      | Killed Terence
  3174 | D:3      | Reached skill level 5 in Fighting
  3174 | D:3      | Reached XP level 5. HP: 37/57 MP: 5/5
  4151 | D:3      | Noticed Ijyb
  4169 | D:3      | Killed Ijyb
  4735 | D:4      | Reached XP level 6. HP: 64/66 MP: 6/6
  4852 | D:4      | Noticed Eustachio
  5041 | D:5      | Entered Level 5 of the Dungeon
  5730 | D:4      | Found a broken altar of Ashenzari.
  5739 | D:4      | Found a sacrificial altar of Ru.
  5753 | D:4      | Reached skill level 6 in Fighting
  5753 | D:4      | Reached XP level 7. HP: 15/75 MP: 7/7
  6604 | D:5      | Reached skill level 5 in Maces & Flails
  7788 | D:5      | Reached XP level 8. HP: 44/84 MP: 8/8
  8304 | D:5      | Learned a level 1 spell: Apportation
  8306 | D:5      | Learned a level 1 spell: Summon Small Mammal
  8311 | D:5      | Learned a level 4 spell: Sticky Flame
  8517 | D:6      | Reached skill level 7 in Fighting
  8813 | D:6      | Reached skill level 5 in Dodging
  9794 | D:6      | Found Xapsac's Armour Shoppe.
  9922 | D:6      | Mangled by a wight

Illustrated notes

Levels and vault maps discovered:
D:1:      erik_arrival_cave_to_civilisation [erik_arrival_cave_to_hall],
          layout_basic
D:2:      layout_basic, dreamdust_ecumenical_altar_angels_and_demons
D:3:      kennysheep_goblin_castle, layout_loops_ring, minmay_lizard_king,
          uniq_terence
D:4:      layout_basic, mainiacjoe_overflow_catwalk_spiral, uniq_eustachio
D:5:      minmay_general_purpose_star, layout_basic, hangedman_decor_lopped,
          grunt_decor_arrowhead
D:6:      layout_loops_ring, temple_hall, serial_shops,
          nicolae_shop_statue_plus, kennysheep_nondescript

Skill      XL: |  1  2  3  4  5  6  7  8 |
---------------+-------------------------+-----
Maces & Flails | 2 3 4 5 6 |  6.4
Dodging        | 3 4 5 |  5.1
Fighting       | 5 6 7 |  7.4
Shields        | |  2.6

Action                   |  1- 3 |  4- 6 |  7- 9 || total
-------------------------+-------+-------+-------++-------
Melee: Flail             |   112 |   230 |   218 ||   560
Throw: Stone             |    49 |    12 |       ||    61
       Dart              |       |    60 |    38 ||    98
  Use: Scroll            |       |     8 |     2 ||    10
       Potion            |       |     1 |       ||     1
 Stab: Sleeping          |     1 |       |       ||     1
Armor: Robe              |    25 |    52 |    54 ||   131
Dodge: Dodged            |    32 |    77 |    89 ||   198
Block: Kite shield       |    47 |   102 |    91 ||   240

Table legend: (Time is in decaauts)
 A = Elapsed time spent in this place.
 B = Non-inter-level travel time spent in this place.
 C = Inter-level travel time spent in this place.
 D = Time resting spent in this place.
 E = Time spent auto-exploring this place.
 F = Levels seen in this place.
 G = Mean time per level.
                   A        B        C        D        E       F      G
               +--------+--------+--------+--------+--------+-----+--------+
         Total |  10202 |   9664 |    538 |   3170 |   4474 |   6 | 1700.3 |
       Dungeon |  10202 |   9664 |    538 |   3170 |   4474 |   6 | 1700.3 |
               +--------+--------+--------+--------+--------+-----+--------+

Top non-repeatable levels by time:
     D:3: 2420 daAuts
     D:5: 2307 daAuts
     D:2: 1728 daAuts
     D:4: 1506 daAuts
     D:6: 1223 daAuts
     D:1: 1015 daAuts
